 Dungeon Crawl Stone Soup version 0.32-a0-913-g739538afd8 (webtiles) character file.

Game seed: 13240289055845478521

12406 javelincjr the Summoner (level 11, -26/54 HPs)
             Began as a Tengu Summoner on Apr 3, 2024.
             Was a Plaything of Xom.
             Engulfed by a cloud of flame (45 damage)
             ... on level 9 of the Dungeon on Apr 9, 2024.
             The game lasted 01:14:41 (9586 turns).

javelincjr the Summoner (Tengu Summoner)            Turns: 9586, Time: 01:14:42

Health: -26/54     AC:  7    Str: 10    XL:     11   Next: 92%
Magic:  24/24      EV: 30    Int: 19    God:    Xom [..*...]
Gold:   543        SH: 13    Dex: 14    Spells: 17/27 levels left

rFire   x . .        b - +2 spear (flame)
rCold   . . .        v - +4 kite shield
rNeg    . . .        w - +2 leather armour "Etaok" {rElec Slay+4 SInv}
rPois   +            (helmet restricted)
rElec   +            Q - +0 cloak {rPois}
rCorr   .            L - +1 pair of gloves
SInv    +            (boots unavailable)
Will    .....        p - amulet of magic regeneration
Stlth   +++          U - ring of see invisible
HPRegen 0.29/turn    (no ring)
MPRegen 0.59/turn

%: acrobat, clarity
@: acrobatic, flying
A: beak, talons 3, evasive flight, acrobatic, clarity, deformed body, wild magic
1, heat vulnerability 1
a: Renounce Religion


You were on level 9 of the Dungeon.
You worshipped Xom.
You were a toy of Xom.
You visited 1 branch of the dungeon, and saw 9 of its levels.
You also visited: Sewer.

You collected 610 gold pieces.
You spent 67 gold pieces at shops.

Inventory:

Hand Weapons
 a - the +3 long sword "Connueqi" {vamp, rPois rCorr}
   (You took it off an orc on level 6 of the Dungeon)

   rPois:     It protects you from poison.
   rCorr:     It protects you from acid and corrosion.
 b - a +2 spear of flaming (weapon)
 c - a +0 hand axe
 f - a +0 sling
 g - a +0 trident of freezing
 B - a +2 short sword of distortion
 G - a +0 short sword of distortion
 P - a +1 dagger of venom
 W - a +4 spectral quarterstaff
 X - a +1 long sword of holy wrath
Missiles
 r - 22 poisoned darts
 x - 3 throwing nets
 F - 19 curare-tipped darts
Armour
 n - a +2 robe of willpower
 v - a +4 kite shield (worn)
 w - the +2 leather armour "Etaok" (worn) {rElec Slay+4 SInv}
   (You found it on level 4 of the Dungeon)

   Slay+4:    It affects your accuracy & damage with ranged weapons and melee
   (+4).
   rElec:     It insulates you from electricity.
   SInv:      It lets you see invisible.
 z - a +0 troll leather armour {Pargi}
 K - a +0 robe
 L - a +1 pair of gloves (worn)
 M - the +0 ring mail "Qot Oxih" {Fly Will+ Int+2 Slay+2}
   (You found it on level 6 of the Dungeon)

   Int+2:     It affects your intelligence (+2).
   Slay+2:    It affects your accuracy & damage with ranged weapons and melee
   (+2).
   Will+:     It increases your willpower.
   Fly:       It grants you flight.
 Q - a +0 cloak of poison resistance (worn)
 R - an orb of light
Jewellery
 k - an amulet of guardian spirit
 p - an amulet of magic regeneration (around neck)
 U - a ring of see invisible (left hand)
Wands
 y - a wand of charming (12)
 D - a wand of warping (20)
 N - a wand of acid (9)
 O - a wand of polymorph (3)
Scrolls
 d - 3 scrolls of teleportation
 i - 4 scrolls of immolation
 j - a scroll of poison
 l - a scroll of identify
 C - a scroll of fog
 H - a scroll of vulnerability
 I - a scroll of summoning
 J - 3 scrolls of fear
 T - 3 scrolls of revelation
Potions
 e - a potion of brilliance
 h - a potion of degeneration
 m - 3 potions of heal wounds
 o - a potion of enlightenment
 q - 3 potions of curing
 s - a potion of lignification
 t - a potion of berserk rage
 u - a potion of attraction
 A - a potion of magic
 E - 2 potions of invisibility


   Skills:
 + Level 4.3 Long Blades
 + Level 6.2 Armour
 + Level 7.3 Dodging
 + Level 7.1 Stealth
 + Level 5.5 Shields
 * Level 8.6 Spellcasting
 * Level 11.9 Summonings
 + Level 5.9 Air Magic


You had 17 spell levels left.
You knew the following spells:

 Your Spells              Type           Power      Damage    Failure   Level
a - Summon Small Mammal   Summ           100%       N/A       1%          1
b - Call Imp              Summ           100%       N/A       1%          2
c - Call Canine Familiar  Summ           63%        N/A       2%          3
d - Summon Lightning Spi  Summ/Air       53%        N/A       16%         4

Your spell library contained the following spells:

 Spells                   Type           Power      Damage    Failure   Level
 Summon Blazeheart Golem  Fire/Summ      40%        N/A       45%         4
 Apportation              Tloc           20%        N/A       50%         1
 Freeze                   Ice            40%        1d6       50%         1
 Necrotise                Necr           40%        1d6       50%         1
 Sting                    Conj/Alch      40%        1d5       50%         1
 Frozen Ramparts          Ice            20%        1d4       86%         3
 Hailstorm                Conj/Ice       10%        3d6       86%         3
 Olgreb's Toxic Radiance  Alch           10%        N/A       99%         4
 Ozocubu's Refrigeration  Ice            5%         4d8       100%        7
 Discord                  Hex            5%         N/A       100%        8


Dungeon Overview and Level Annotations

Branches:
Dungeon (9/15)             Temple (0/1) D:7            Lair (0/5) D:9
    Orc (0/2) D:9           Sewer (visited)

Altars:
Ashenzari
Cheibriados
Elyvilon
Fedhas
Gozag
Hepliaklqana
Kikubaaqudgha
Ru
Sif Muna
Uskayaw
Vehumet
Wu Jian
Xom
Yredelemnul
Zin
Beogh

Shops:
D:2 *===*

Annotations:
D:9 1 transporter


Innate Abilities, Weirdness & Mutations

You have a beak for a mouth.
You have claws for feet.
Your magical flight helps you evade attacks. (EV +4)
You can magically evade attacks while moving or waiting.
You possess an exceptional clarity of mind.
Armour fits poorly on your strangely shaped body.
Your spells are a little harder to cast, but a little more powerful.
You are vulnerable to heat. (rF-)


Message History

Your familiar recovers from its injuries.
The fire bat closely misses your battlesphere.
Your battlesphere is engulfed in blazing flames.
The fire bat bites your battlesphere.
Your battlesphere is destroyed!
The fire bat attacks as it pursues you! The fire bat bites you.
You are engulfed in flames.
* * * LOW HITPOINT WARNING * * *
You block the fire bat's attack.
Your cerulean imp barely misses the fire bat.
Your lightning spire shoots out a bolt of lightning at the fire bat!
The bolt of electricity hits the fire bat! x2
The fire bat dies!
You are too injured to fight recklessly!
You barely miss the fire bat. Your kick misses the fire bat.
You peck the fire bat.
You kill the fire bat!
You start resting.
Your lightning spire disappears in a puff of smoke!
Your cerulean imp disappears in a puff of smoke!
You start to feel less resistant.
You start resting.
Your resistance to elements expires.
You start resting.
HP restored.
You are engulfed in blazing flames.
There is an open gate here.
You start resting.
HP restored.
You are engulfed in blazing flames.
There is an open gate here.
You start resting.
HP restored.
There is an open gate here.
You are engulfed in blazing flames.
Ouch! That really hurt!
You are engulfed in blazing flames.
Ouch! That really hurt!
You die...
Xom howls with laughter!

#....##.##.°..○°○#...........
#.......##°☼#©#○°#...........
#.#.....##°°...○☼#.......###.
#(......##.☼#.#°○#..#'##.....
#.......##○☼...○○##.#..######
#.#..##.####○'☼####.#.......#
#....##.#°○.○○☼○○○#.#.......#
#....##.#☼☼☼.○○°○°#.#..##<..#
#.#..##.#○°○@°○☼○○#.'..######
#.#..##.#☼○○$([○☼○#.####ß##.#
#.......#°○○[©!°○°#.##⌠_.'..#
#...###############.##⌠_.'...
#...# ##.©......####ß###.
#...# #........# #####. #...#
####..#..#..# #..... #...#
#.....'.....####..#..
#.#.###########..............


There were no monsters in sight!

Vanquished Creatures
  The ghost of AutarchDCSS the Skirmisher, a journeyman CoAr (D:9)
  Amaemon (D:9)
  Pikel (D:9)
  Joseph (D:9)
  A fire bat (D:9)
  11 yaks
  2 fire elementals (D:9)
  2 water moccasins
  Duvessa (D:7)
  An orc warrior (D:7)
  An ice beast (D:6)
  4 sky beasts
  A black bear (D:5)
  2 kobold brigands (D:9)
  A weeping skull (D:6)
  Dowan (D:7)
  4 wights (D:7)
  A howler monkey (D:8)
  A jelly (D:6)
  A bombardier beetle (D:4)
  A hound (D:4)
  2 orc priests
  3 iguanas
  2 sleepcaps
  3 orc wizards
  3 gnolls
  2 adders
  3 ribbon worms
  10 orcs
  4 bats
  2 endoplasms (D:4)
  2 giant cockroaches (D:2)
  8 goblins
  5 hobgoblins
  3 kobolds
  4 quokkas
  3 ball pythons
  2 frilled lizards (D:3)
  3 rats
  A spectral orc (D:6)
105 creatures vanquished.

Vanquished Creatures (collateral kills)
  The ghost of jestert79 the Cleaver, a novice MDFi of Beogh (D:7)
  An orange demon (D:9)
  A rime drake (D:9)
  A kobold demonologist (D:9)
  A troll (D:6)
  A hornet (D:9)
  Sigmund (D:2)
  3 yaks
  2 nameless horrors
  2 fire bats (D:9)
  Menkaure (D:5)
  2 water moccasins (D:8)
  A hell hound (D:9)
  Pargi (Sewer)
  A sky beast (D:7)
  A black bear (D:7)
  An orc warrior (D:8)
  2 ice beasts (D:9)
  5 wolves (D:9)
  3 centaurs
  8 kobold brigands (D:9)
  Blork the orc (D:5)
  2 scorpions
  A brain worm (Sewer)
  2 gnoll sergeants
  2 bullfrogs
  4 wights (D:7)
  2 howler monkeys (D:8)
  2 bombardier beetles (D:5)
  3 jellies
  2 orc priests (D:7)
  2 gnoll boudas
  2 hounds (D:6)
  2 iguanas
  Ijyb (D:4)
  A sleepcap (D:6)
  4 orc wizards
  Robin (D:4)
  25 gnolls
  6 adders
  2 river rats (D:6)
  A shadow imp (D:6)
  2 ribbon worms
  A dart slug (D:1)
  15 orcs
  4 ball pythons
  4 endoplasms
  A giant cockroach (D:4)
  5 hobgoblins
  2 quokkas
  5 bats
  11 goblins
  5 kobolds
  5 rats
168 creatures vanquished.

Grand Total: 273 creatures vanquished

Notes
Turn   | Place    | Note
-------+----------+-------------------------------------------
     0 | D:1      | javelincjr the Tengu Summoner began the quest for the Orb.
     0 | D:1      | Reached XP level 1. HP: 10/10 MP: 4/4
   352 | D:1      | Reached skill level 5 in Summonings
   352 | D:1      | Reached XP level 2. HP: 15/15 MP: 4/6
   355 | D:1      | Learned a level 2 spell: Call Imp
   552 | D:1      | Found a faded altar of an unknown god.
   568 | D:1      | Prayed at the altar of an unknown god.
   568 | D:1      | Became a worshipper of Xom of Chaos
   574 | D:1      | XOM: butterfly on damage
   884 | D:1      | XOM: noise
  1058 | D:1      | XOM: noise
  1303 | D:2      | Reached XP level 3. HP: 19/19 MP: 2/7
  1310 | D:2      | Found Quirph's Jewellery Shoppe.
  1327 | D:2      | Found a blossoming altar of Fedhas.
  1335 | D:2      | Upgraded the game from 0.32-a0-893-gf85d74f360 to
                  | 0.32-a0-898-g7811c86cf0
  1505 | D:2      | Found Anorymyn's Jewellery Boutique.
  1537 | D:2      | Found Lissit's Assorted Antiques.
  1537 | D:2      | Found Roduteda's Jewellery Shoppe.
  1552 | D:2      | Noticed Sigmund
  1553 | D:2      | Learned a level 3 spell: Call Canine Familiar
  1561 | D:2      | Reached XP level 4. HP: 24/24 MP: 3/9
  1571 | D:2      | Killed Sigmund
  1572 | D:2      | Reached skill level 6 in Summonings
  1572 | D:2      | Reached XP level 5. HP: 28/28 MP: 2/11
  1666 | D:2      | Bought a dark potion for 21 gold pieces
  1666 | D:2      | Bought a scroll labelled YWUSO FIYWN for 24 gold pieces
  1757 | D:2      | Reached XP level 6. HP: 32/32 MP: 5/12
  1809 | D:2      | Found Tymun's Assorted Antiques.
  1815 | D:2      | Bought a lumpy red potion for 22 gold pieces
  2281 | D:3      | XOM: give mutations
  2281 | D:3      | Gained mutation: Your spells are a little harder to cast,
                  | but a little more powerful. [Xom's grace]
  2281 | D:3      | Gained mutation: You possess an exceptional clarity of
                  | mind. [Xom's grace]
  2281 | D:3      | Gained mutation: Your natural rate of healing is unusually
                  | fast. [Xom's grace]
  2783 | D:4      | Noticed Robin
  2801 | D:4      | XOM: smoke on damage
  2813 | D:4      | Killed Robin
  3022 | D:4      | Found a hazy altar of Hepliaklqana.
  3022 | D:4      | XOM: 1-stop teleportation journey
  3051 | D:4      | Identified the +2 leather armour "Etaok" {rElec Slay+4
                  | SInv}
  3149 | D:4      | XOM: polymorph cerulean imp -> lemure
  3169 | D:4      | Gained mutation: Your magical flight helps you evade
                  | attacks. (EV +4) [Tengu growth]
  3169 | D:4      | Reached XP level 7. HP: 36/36 MP: 6/14
  3399 | D:4      | XOM: god gift: scroll labelled SIUTAITE QIEV {god gift}
  3433 | D:4      | Reached skill level 7 in Summonings
  3453 | D:4      | Noticed Ijyb
  3455 | D:4      | XOM: butterfly on damage
  3499 | D:4      | Killed Ijyb
  3513 | D:4      | XOM: cloud trail
  3614 | D:4      | Reached skill level 1 in Armour
  3747 | D:4      | Reached skill level 1 in Shields
  3761 | D:4      | XOM: polymorph cerulean imp -> white imp
  3967 | D:5      | Entered Level 5 of the Dungeon
  4170 | D:5      | Noticed Menkaure
  4179 | D:5      | Killed Menkaure
  4180 | D:5      | Reached XP level 8. HP: 24/41 MP: 8/16
  4376 | D:5      | XOM: enchant monster (good)
  4437 | D:5      | Reached skill level 5 in Spellcasting
  4639 | D:5      | Reached skill level 8 in Summonings
  4649 | D:5      | XOM: scenery: 1 doors open
  4736 | D:5      | Noticed Blork the orc
  4737 | D:5      | XOM: smoke on damage
  4746 | D:5      | Killed Blork the orc
  4833 | D:5      | Found a hide-covered altar of Uskayaw.
  4878 | D:5      | XOM: give mutation
  4878 | D:5      | Gained mutation: You have a somewhat thin skeletal
                  | structure. (Dex +2, Stealth+) [Xom's grace]
  4896 | D:5      | Found a snail-covered altar of Cheibriados.
  5028 | D:6      | Found a broken altar of Ashenzari.
  5062 | D:6      | Noticed a troll
  5179 | D:6      | Found a glowing drain.
  5241 | Sewer    | Entered a sewer
  5280 | Sewer    | Reached skill level 5 in Dodging
  5280 | Sewer    | Reached XP level 9. HP: 45/45 MP: 16/18
  5283 | Sewer    | Noticed Pargi
  5295 | Sewer    | Killed Pargi
  5421 | D:6      | Found a sacrificial altar of Ru.
  5446 | D:6      | Reached skill level 9 in Summonings
  5447 | D:6      | Found an ornate altar of the Wu Jian Council.
  5455 | D:6      | Noticed a spectral centipede
  5497 | D:6      | Learned a level 4 spell: Summon Lightning Spire
  5551 | D:6      | Reached skill level 5 in Stealth
  5631 | D:6      | Identified the +3 long sword "Connueqi" {vamp, rPois rCorr}
  5632 | D:6      | XOM: polymorph cerulean imp -> ufetubus
  5809 | D:6      | Found a basalt altar of Yredelemnul.
  5809 | D:6      | XOM: enchant monster (bad)
  5985 | D:6      | Killed a troll
  5986 | D:6      | Reached skill level 1 in Air Magic
  6020 | D:6      | Identified the +0 ring mail "Qot Oxih" {Fly Will+ Int+2
                  | Slay+2}
  6027 | D:6      | XOM: polymorph inugami -> kobold
  6179 | D:7      | Noticed Duvessa
  6183 | D:7      | Noticed Dowan
  6189 | D:7      | Killed Duvessa
  6204 | D:7      | Killed Dowan
  6210 | D:7      | Found a staircase to the Ecumenical Temple.
  6302 | D:7      | XOM: summons 4 hostile demons
  6446 | D:7      | Found a glowing silver altar of Zin.
  6517 | D:7      | Identified the +1 plate armour of the Glamorous God {rCorr
                  | Dex+3}
  6518 | D:7      | Found a runed translucent gate.
  6548 | D:7      | Found a runed translucent gate.
  6549 | D:7      | Found a runed translucent gate.
  6551 | D:7      | Noticed jestert79's ghost (novice MDFi)
  6569 | D:7      | XOM: give mutations
  6569 | D:7      | Gained mutation: You are strong-willed. (Will+) [Xom's
                  | mischief]
  6569 | D:7      | Lost mutation: You possess an exceptional clarity of mind.
                  | [Xom's mischief]
  6569 | D:7      | Gained mutation: Your flesh is heat resistant. (rF+) [Xom's
                  | mischief]
  6569 | D:7      | Lost mutation: You are strong-willed. (Will+) [Xom's
                  | mischief]
  6653 | D:7      | Reached skill level 1 in Long Blades
  6680 | D:7      | Reached XP level 10. HP: 50/50 MP: 21/21
  6754 | D:7      | Reached skill level 10 in Summonings
  6797 | D:7      | XOM: polymorph inugami -> endoplasm
  7055 | D:7      | Found a roughly hewn altar of Beogh.
  7096 | D:7      | XOM: confusion (+ monsters)
  7178 | D:7      | XOM: cleaving
  7212 | D:7      | Killed jestert79's ghost
  7450 | D:8      | Found a shimmering altar of Xom.
  7506 | D:8      | Found a shimmering blue altar of Sif Muna.
  7578 | D:8      | XOM: enchant monster (bad)
  7594 | D:8      | Reached skill level 5 in Armour
  7595 | D:8      | XOM: butterfly on damage
  7650 | D:8      | XOM: confuse monster(s)
  7651 | D:8      | XOM: enchant monster (good)
  7851 | D:8      | Found an ancient bone altar of Kikubaaqudgha.
  7851 | D:8      | Found a radiant altar of Vehumet.
  7888 | D:8      | XOM: smoke on damage
  7982 | D:8      | Upgraded the game from 0.32-a0-898-g7811c86cf0 to
                  | 0.32-a0-913-g739538afd8
  8056 | D:9      | XOM: cleaving
  8060 | D:9      | XOM: 1-stop teleportation journey
  8062 | D:9      | Noticed Erica
  8066 | D:9      | XOM: noise
  8076 | D:9      | Erica changed into Erica the water moccasin
  8076 | D:9      | Noticed Erica
  8076 | D:9      | XOM: polymorph Erica -> Erica the water moccasin
  8085 | D:9      | Killed Erica the water moccasin
  8086 | D:9      | Reached XP level 11. HP: 40/54 MP: 23/23
  8141 | D:9      | Found a transporter.
  8215 | D:9      | Reached skill level 11 in Summonings
  8227 | D:9      | Noticed Joseph
  8234 | D:9      | XOM: polymorph inugami -> shapeshifter
  8242 | D:9      | XOM: enchant monster (good)
  8246 | D:9      | XOM: fog
  8248 | D:9      | Found an opulent altar of Gozag.
  8254 | D:9      | XOM: butterfly on damage
  8257 | D:9      | Killed Joseph
  8302 | D:9      | Found a runed translucent gate.
  8302 | D:9      | Found a runed translucent gate.
  8302 | D:9      | Found a runed translucent gate.
  8310 | D:9      | Noticed AutarchDCSS's ghost (journeyman CoAr)
  8332 | D:9      | XOM: summons 2 friendly demons
  8337 | D:9      | XOM: stat loss: -1 Str (9/10)
  8344 | D:9      | XOM: noise
  8345 | D:9      | XOM: 1-stop teleportation journey
  8350 | D:9      | XOM: fake destruction
  8354 | D:9      | XOM: smoke on damage
  8373 | D:9      | Reached skill level 5 in Shields
  8374 | D:9      | Reached skill level 5 in Air Magic
  8406 | D:9      | Found a staircase to the Lair.
  8464 | D:9      | Found a staircase to the Orcish Mines.
  8523 | D:9      | Noticed Amaemon
  8555 | D:9      | XOM: fake destruction
  8557 | D:9      | XOM: give mutations
  8557 | D:9      | Lost mutation: You have a somewhat thin skeletal structure.
                  | (Dex +2, Stealth+) [Xom's mischief]
  8557 | D:9      | Gained mutation: Armour fits poorly on your strangely
                  | shaped body. [Xom's mischief]
  8557 | D:9      | Lost mutation: Your flesh is heat resistant. (rF+) [Xom's
                  | mischief]
  8557 | D:9      | Gained mutation: You are vulnerable to heat. (rF-) [Xom's
                  | mischief]
  8559 | D:9      | XOM: fog
  8579 | D:9      | Killed Amaemon
  8697 | D:9      | Noticed Pikel
  8711 | D:9      | Killed Pikel
  8755 | D:9      | Found a transporter.
  8798 | D:9      | Found a blossoming altar of Fedhas.
  8798 | D:9      | Found a white marble altar of Elyvilon.
  8859 | D:9      | XOM: give mutations
  8859 | D:9      | Lost mutation: Your natural rate of healing is unusually
                  | fast. [Xom's mischief]
  8859 | D:9      | Gained mutation: You possess an exceptional clarity of
                  | mind. [Xom's mischief]
  9020 | D:9      | XOM: divination: detect items
  9023 | D:9      | Killed AutarchDCSS's ghost
  9031 | D:9      | XOM: potion effect (magic)
  9281 | D:9      | XOM: cast spell 'Iskenderun's Battlesphere'
  9586 | D:9      | Engulfed by a cloud of flame

Illustrated notes

Levels and vault maps discovered:
D:1:      lemuel_arrival_muddy, layout_basic, shapermc_ecumenical_altar_gd
D:2:      layout_rooms, basic_altar, serial_shops, shop,
          nicolae_shop_just_a_little_nook, shop, shop, nicolae_shop_trees,
          uniq_sigmund
D:3:      layout_loops_ring
D:4:      layout_loops_ring, lemuel_doored_altar, hangedman_decor_growths,
          minmay_misc_feat_roman, uniq_ijyb, uniq_robin
D:5:      layout_basic, slow_altar_2, marbit_many_paths, uniq_blork_the_orc,
          uniq_menkaure
D:6:      layout_basic, pdpol_wu_jian_five_deadly_venoms, kennysheep_mini,
          yredelemnul_forgotten_temple_becter, lemuel_tele_altar,
          portal_sewer_entry_a
D:7:      layout_loops_ring, mainiacjoe_overflow_six_doors_small,
          minmay_temple_entry_proselytizer, biasface_ghost_orc_armoury,
          due_unseen_surprise, uniq_duvessa
D:8:      layout_gridville, gammafunk_temple_overflow_elements,
          mainiacjoe_overflow_paths, mainiacjoe_overflow_24_doors,
          hangedman_abyss_or_decor_stabs, item_on_display_b
D:9:      gammafunk_cloud_chamber, layout_stronghold,
          lemuel_coloured_pillars_altar, gammafunk_temple_overflow_wave,
          hellmonk_lair_entry_icy, gammafunk_ghost_nasty_kobolds, uniq_erica,
          uniq_joseph, uniq_amaemon, uniq_pikel

Skill      XL: |  1  2  3  4  5  6  7  8  9 10 11 |
---------------+----------------------------------+-----
Summonings     | 5 6 7 8 9 10 11 | 11.9
Dodging        | 3 4 5 6 7 |  7.3
Stealth        | 3 4 5 6 7 |  7.1
Spellcasting   | 3 4 5 6 7 8 |  8.6
Armour         | 1 3 4 5 6 |  6.2
Shields        | 1 2 3 4 5 |  5.5
Air Magic      | 2 4 5 |  5.9
Long Blades    | 1 3 4 |  4.3

Action                     |  1- 3 |  4- 6 |  7- 9 | 10-12 || total
---------------------------+-------+-------+-------+-------++-------
  Melee: Unarmed           |     8 |       |       |       ||     8
         Kick              |    16 |     9 |    21 |    68 ||   114
         Peck              |     9 |     3 |     8 |    44 ||    64
         Hand axe          |    32 |       |       |       ||    32
         Dagger            |    14 |    35 |    11 |     7 ||    67
         Trident           |       |       |    83 |       ||    83
         Long sword        |       |       |    17 |       ||    17
         Spear             |       |       |       |   238 ||   238
   Cast: Summon Small Mamm |    31 |     9 |    15 |     3 ||    58
         Call Imp          |     9 |    15 |    49 |    44 ||   117
         Call Canine Famil |     1 |    16 |    49 |    53 ||   119
         Summon Lightning  |       |       |       |    10 ||    10
    Use: Scroll            |       |       |    14 |    12 ||    26
         Potion            |       |       |       |     1 ||     1
   Stab: Distracted        |     1 |       |     6 |     8 ||    15
         Sleeping          |       |     3 |     2 |     2 ||     7
         Petrified         |       |       |       |     4 ||     4
 Armour: Robe              |    21 |    21 |       |       ||    42
         Leather armour    |       |       |    50 |    83 ||   133
  Dodge: Dodged            |    22 |    31 |    73 |   101 ||   227
  Block: Kite shield       |       |       |    80 |   134 ||   214

Table legend: (Time is in decaauts)
 A = Elapsed time spent in this place.
 B = Non-inter-level travel time spent in this place.
 C = Inter-level travel time spent in this place.
 D = Time resting spent in this place.
 E = Time spent auto-exploring this place.
 F = Levels seen in this place.
 G = Mean time per level.
                   A        B        C        D        E       F      G
               +--------+--------+--------+--------+--------+-----+--------+
         Total |   9734 |   9319 |    415 |    512 |   5884 |  10 |  973.4 |
       Dungeon |   9632 |   9217 |    415 |    512 |   5870 |   9 | 1070.2 |
         Sewer |    101 |    101 |      0 |      0 |     14 |   1 |  101.0 |
               +--------+--------+--------+--------+--------+-----+--------+

Top non-repeatable levels by time:
     D:9: 1595 daAuts
     D:1: 1306 daAuts
     D:7: 1285 daAuts
     D:4: 1180 daAuts
     D:5: 1046 daAuts
     D:6: 1005 daAuts
     D:3: 932 daAuts
     D:8: 694 daAuts
     D:2: 588 daAuts
   Sewer: 101 daAuts
